 Dungeon Crawl Stone Soup version 0.28-a0-1395-g4f6bc678fa (webtiles) character file.

Game seed: 10726141600688247604

137 HallandMoats the Skirmisher (level 5, -2/41 HPs)
             Began as a Demonspawn Fighter on Jan 5, 2022.
             Was a Believer of Kikubaaqudgha.
             Slain by a sky beast (5 damage)
             ... on level 3 of the Dungeon.
             The game lasted 00:04:00 (2721 turns).

HallandMoats the Skirmisher (Demonspawn Fighter)    Turns: 2721, Time: 00:04:01

Health: -2/41      AC:  6    Str: 18    XL:     5   Next: 0%
Magic:  7/7        EV: 11    Int:  9    God:    Kikubaaqudgha [**....]
Gold:   92         SH:  4    Dex: 13    Spells: 4/4 levels left

rFire   . . .      SeeInvis .   a - +0 long sword
rCold   . . .      Faith    .   c - +0 buckler
rNeg    . . .      Spirit   .   b - +0 scale mail
rPois   .          Reflect  .   (no helmet)
rElec   .          Harm     .   (no cloak)
rCorr   .          Rampage  .   (no gloves)
Will    .....                   (no boots)
Stlth   +.........              (no amulet)
HPRegen 0.13/turn               (no ring)
MPRegen 0.20/turn               (no ring)

@: mighty
A: magic regeneration, sturdy frame 2
a: Renounce Religion, Receive Corpses


You were on level 3 of the Dungeon.
You worshipped Kikubaaqudgha.
Kikubaaqudgha was pleased with you.
You visited 1 branch of the dungeon, and saw 3 of its levels.

You collected 92 gold pieces.

Inventory:

Hand Weapons
 a - a +0 long sword (weapon)
Armour
 b - a +0 scale mail (worn)
 c - a +0 buckler (worn)
Jewellery
 k - a ring of willpower
Wands
 g - a wand of iceblast (8)
Scrolls
 e - 2 scrolls of identify {unknown}
 f - a scroll of fear {unknown}
 i - a scroll of enchant weapon {unknown}
 j - a scroll of immolation {unknown}
 l - a scroll of magic mapping {unknown}
 m - a scroll of noise {unknown}
Potions
 h - a potion of flight {unknown}


   Skills:
 + Level 3.4 Fighting
 + Level 2.4 Long Blades
 + Level 3.1 Armour
 + Level 1.3 Dodging
 + Level 3.1 Shields
 * Level 3.1 Invocations


You had 4 spell levels left.
You didn't know any spells.
Your spell library contained the following spells:

 Spells                   Type           Power      Damage    Failure   Level
 Animate Skeleton         Necr           0%         N/A       56%         1
 Foxfire                  Conj/Fire      0%         2x1d4     56%         1
 Pain                     Necr           0%         1d4       56%         1
 Sublimation of Blood     Necr           0%         N/A       71%         2
 Gell's Gravitas          Tloc           0%         N/A       90%         3
 Inner Flame              Hex/Fire       0%         N/A       90%         3
 Teleport Other           Tloc           0%         N/A       90%         3
 Vampiric Draining        Necr           0%         2d6       90%         3
 Cause Fear               Hex            0%         N/A       100%        4
 Dispersal                Tloc           0%         N/A       100%        6
 Discord                  Hex            0%         N/A       100%        8


Dungeon Overview and Level Annotations

Branches:
Dungeon (3/15)

Altars:
Kikubaaqudgha


Innate Abilities, Weirdness & Mutations

You regenerate magic rapidly.
Your movements are less encumbered by armour. (ER -4)


Message History

No target in view!
No target in view!
No target in view!
No target in view!
No target in view!
No target in view!
No target in view!
No target in view!
No target in view!
No target in view!
No target in view!
No target in view!
No target in view!
No target in view!
No target in view!
You see here a frilled lizard corpse.
You pick up a There-And-Back Book and begin reading...
You add the spells Gell's Gravitas, Teleport Other and Dispersal to your library.
m - a scroll labelled FOUSENKUEL A sky beast comes into view.
A sky beast is nearby!
You feel very mighty all of a sudden.
The sky beast flickers out of sight!
Deactivating autopickup; reactivate with Ctrl-A.
You slash something! Something hits you. Something shocks you.
You hit something. Something hits you but does no damage.
You completely miss something. Something hits you. Something shocks you.
Something hits you but does no damage.
You completely miss something. Something hits you. Something shocks you.
You barely miss something. Something hits you. Something shocks you.
* * * LOW HITPOINT WARNING * * *
You miss something. Something hits you.
* * * LOW HITPOINT WARNING * * *
Something shocks you.
* * * LOW HITPOINT WARNING * * *
You miss something. You block something's attack. Something hits you.
* * * LOW HITPOINT WARNING * * *
Something shocks you.
You die...
Kikubaaqudgha rasps: "You have failed me!
Welcome... death!"

#.# ##...##..
#.####..#.....
#............#
#######.#####.#
.........####.#
#######.......#
#.#######
#.########
#.@......#
########.#


There were no monsters in sight!

Vanquished Creatures
  An orc priest (D:3)
  A gnoll (D:1)
  3 adders
  3 dart slugs
  An orc (D:3)
  6 endoplasms
  A giant cockroach (D:1)
  2 goblins
  3 hobgoblins
  4 jackals (D:1)
  8 kobolds
  6 quokkas
  4 ball pythons
  6 bats
  4 frilled lizards
  15 rats
68 creatures vanquished.

Notes
Turn   | Place    | Note
-------+----------+-------------------------------------------
     0 | D:1      | HallandMoats the Demonspawn Fighter began the quest for the
                  | Orb.
     0 | D:1      | Reached XP level 1. HP: 18/18 MP: 1/1
    86 | D:1      | Reached skill level 1 in Invocations
    91 | D:1      | Gained mutation: Your movements are slightly less
                  | encumbered by armour. (ER -2) [demonic ancestry]
    91 | D:1      | Reached XP level 2. HP: 18/24 MP: 2/2
   469 | D:1      | Found a faded altar of an unknown god.
   479 | D:1      | Got Plato's Catalogue of Ignition
   515 | D:1      | Prayed at the altar of an unknown god.
   515 | D:1      | Became a worshipper of Kikubaaqudgha
   515 | D:1      | Reached * piety under Kikubaaqudgha
   515 | D:1      | Received a gift from Kikubaaqudgha
   757 | D:1      | Gained mutation: You regenerate magic rapidly. [demonic
                  | ancestry]
   757 | D:1      | Reached XP level 3. HP: 29/29 MP: 4/4
  1379 | D:2      | Reached skill level 1 in Dodging
  1615 | D:2      | Reached ** piety under Kikubaaqudgha
  1850 | D:2      | Gained mutation: Your movements are less encumbered by
                  | armour. (ER -4) [demonic ancestry]
  1850 | D:2      | Reached XP level 4. HP: 20/35 MP: 5/5
  2669 | D:3      | Reached XP level 5. HP: 41/41 MP: 7/7
  2712 | D:3      | Noticed a sky beast
  2721 | D:3      | Slain by a sky beast

Illustrated notes

Levels and vault maps discovered:
D:1:      onia_arrival_handbag, layout_basic,
          shapermc_ecumenical_altar_rom_forum, st_stairs_6, minmay_crystal_water
D:2:      layout_loops_ring
D:3:      layout_loops_ring, nicolae_qazlal_style_of_elements,
          grunt_decor_resistance, kennysheep_generic_room_8

Skill      XL: |  1  2  3  4 |
---------------+-------------+-----
Invocations    | 1 2 3 |  3.1
Long Blades    | 2 |  2.4
Dodging        | 1 |  1.3
Shields        | 3 |  3.1
Armour         | 3 |  3.1
Fighting       | |  3.4

Action                   |  1- 3 |  4- 6 || total
-------------------------+-------+-------++-------
Melee: Long sword        |   145 |    61 ||   206
  Use: Potion            |       |     1 ||     1
Armor: Scale mail        |    66 |    22 ||    88
Dodge: Dodged            |    98 |    25 ||   123
Block: Buckler           |    45 |    11 ||    56

Table legend: (Time is in decaauts)
 A = Elapsed time spent in this place.
 B = Non-inter-level travel time spent in this place.
 C = Inter-level travel time spent in this place.
 D = Time resting spent in this place.
 E = Time spent auto-exploring this place.
 F = Levels seen in this place.
 G = Mean time per level.
                   A        B        C        D        E       F      G
               +--------+--------+--------+--------+--------+-----+--------+
         Total |   2785 |   2717 |     68 |    437 |   1752 |   3 |  928.3 |
       Dungeon |   2785 |   2717 |     68 |    437 |   1752 |   3 |  928.3 |
               +--------+--------+--------+--------+--------+-----+--------+

Top non-repeatable levels by time:
     D:1: 1384 daAuts
     D:2: 986 daAuts
     D:3: 414 daAuts
